 Dungeon Crawl Stone Soup version 0.17.0-28-g6e173f8 (webtiles) character file.

91 gorblad the Cudgeler (level 4, -2/49 HPs)
             Began as an Ogre Berserker on Dec 4, 2015.
             Was a Believer of Trog.
             Killed from afar by an orc wizard (10 damage)
             ... with a puff of flame
             ... on level 3 of the Dungeon.
             The game lasted 00:04:43 (3050 turns).

gorblad the Cudgeler (Ogre Berserker)               Turns: 3050, Time: 00:04:43

Health: -2/49      AC:  3    Str: 23    XL:     4   Next: 59%
Magic:  4/4        EV: 10    Int:  6    God:    Trog [**....]
Gold:   62         SH:  0    Dex:  9    Spells: 0 memorised, 3 levels left

rFire  . . .     SeeInvis .     a - +0 mace
rCold  . . .     Clarity  .     b - +0 animal skin
rNeg   . . .     SustAt   .     (no shield)
rPois  .         Gourm    .     (helmet restricted)
rElec  .         Spirit   .     (no cloak)
rCorr  .         Warding  .     (gloves unavailable)
rMut   .         Stasis   .     (boots unavailable)
MR     .....                    (no amulet)
Stlth  +.........               (no ring)
                                (no ring)

@: not resistant to hostile enchantments, very unstealthy
A: unfitting armour, tough skin 1
a: Berserk, Trog's Hand, Burn Spellbooks, Renounce Religion


You were on level 3 of the Dungeon.
You worshipped Trog.
Trog was pleased with you.
You were not hungry.

You visited 1 branch of the dungeon, and saw 3 of its levels.

You collected 62 gold pieces.

Inventory:

Hand Weapons
 a - a +0 mace (weapon)
Armour
 b - a +0 animal skin (worn)
Jewellery
 j - an uncursed ring of flight {unknown}
Scrolls
 e - a scroll of magic mapping {unknown}
 h - 3 scrolls of fog
 l - a scroll of blinking {unknown}
 n - a scroll of teleportation {unknown}
Potions
 g - a potion of brilliance {unknown}
 k - a potion of curing {unknown}
Comestibles
 c - 6 bread rations
 d - a chunk of flesh
 f - 4 fruits
 i - a meat ration
 m - a beef jerky


   Skills:
 + Level 4.9 Fighting
 + Level 5.0 Maces & Flails
 + Level 3.6 Dodging


You had 3 spell levels left.
You didn't know any spells.

Dungeon Overview and Level Annotations

Branches:
Dungeon (3/15)

Altars:
Gozag
Kikubaaqudgha
Qazlal
The Shining One


Innate Abilities, Weirdness & Mutations

You are too large for most types of armour.
You have tough skin (AC +1).


Message History

The orc hits you with a whip. The orc barely misses you.
You closely miss the orc.
The orc is lightly wounded.
The orc hits you but does no damage. The orc completely misses you.
Something hits you. The orc hits you with a whip. The orc hits you.
The orc hits you with a dagger.
You closely miss the orc. The orc hits you with a club. Something hits you.
The orc barely misses you. x3
You hit the orc but do no damage. Something completely misses you.
The orc hits you with a whip. The orc hits you with a club.
The orc barely misses you. The orc completely misses you. Something hits you.
You closely miss the orc. The orc misses you. The orc barely misses you.
The orc hits you.
* * * LOW HITPOINT WARNING * * *
The orc hits you with a dagger.
* * * LOW HITPOINT WARNING * * *
You hear some strange, mumbled words.
A puff of flame appears from out of thin air!
The puff of flame hits you!
You die...

#..####.#.#.##
#........#.....
......#.#.#..##
#...#.#.##.....
##.##.#.#.#...##
#..oo...##.....
#.##.#.#.#....##
#.....###......
##.##.#.#.#.....###....##
#.#####
.#....#.#.#......##....#
#.#
.##...#.#.#.......#....#
#.#
........#.......oo.....#
#.#
#.......#.......@o.....#
#.#
รท............(.#o{.....#
#.#
...............#..####.#
#.# ...............#.##
#.##########
....#..........#.#
#...........
....#..........#.#
#...........
#...#..........#.#
#...........
########.......#.#
############ ###8##
#.......#.# #


You could see 4 orcs.

Vanquished Creatures
  2 adders
  A worm (D:3)
  3 giant geckos
  3 orcs (D:3)
  10 bats
  4 giant cockroaches
  3 hobgoblins
  9 jackals (D:3)
  6 kobolds
  5 quokkas (D:3)
  A ball python (D:3)
  3 giant newts
  4 goblins
  8 rats
62 creatures vanquished.

Notes
Turn   | Place    | Note
--------------------------------------------------------------
     0 | D:1      | gorblad the Ogre Berserker began the quest for the Orb.
     0 | D:1      | Reached XP level 1. HP: 24/24 MP: 1/1
    35 | D:1      | Reached XP level 2. HP: 24/32 MP: 2/2
   841 | D:2      | Reached ** piety under Trog
   841 | D:2      | Reached XP level 3. HP: 27/40 MP: 3/3
  1724 | D:3      | Found an opulent altar of Gozag.
  1727 | D:3      | Found an ancient bone altar of Kikubaaqudgha.
  1730 | D:3      | Found a stormy altar of Qazlal.
  1809 | D:3      | Reached XP level 4. HP: 10/49 MP: 4/4
  2672 | D:3      | Reached skill level 5 in Maces & Flails
  2678 | D:3      | Found a faded altar to an unknown god.
  2987 | D:3      | Found a glowing golden altar of the Shining One.
  3050 | D:3      | Killed from afar by an orc wizard

Action                   |  1- 3 |  4- 6 || total
-------------------------+-------+-------++-------
Melee: Mace              |   108 |    72 ||   180
Invok: Burn Spellbooks   |     1 |       ||     1
  Use: Scroll            |     5 |       ||     5
  Eat: Chunk             |     2 |     5 ||     7
